cohdb
Replays
Latest Replays
All Replays
Popular Replays
Top Player Replays
Match Explorer
How It Works
Community
CoH3 Stats
Reddit
Sign in to upload your games and track your stats! →
Sign in with Steam
Match 43771236
Unlisted
Match 43771236
Overview
Messages
Build Orders
End
Construct Infanterie Kompanie
Kettenkrad Recon Vehicle
Selects Terror Battlegroup
Selects Machine Gun Camouflage
MG 42 Machine Gun Team
Grenadier Squad
Construct Panzergrenadier Kompanie
MG 42 Machine Gun Team
Selects Contempt for the Weak
Panzergrenadier Squad
Medical Bunker
GrW 34 Mortar Team
Drew_Almost_Wins
JCav75
w0nder
Retzbocher Klaus
Lilfuture
jota barba 7
0
0
Comments
sign in to comment!
No comments posted yet!